 Dungeon Crawl Stone Soup version 0.30-a0-1160-g6e42c06551 (webtiles) character file.

Game seed: 6284823089548493164

281 mandoloar the Insei (level 6, -4/42 HPs)
             Began as an Octopode Transmuter on Apr 25, 2023.
             Splashed by a jelly's acid (12 damage)
             ... on level 4 of the Dungeon.
             The game lasted 00:15:03 (4614 turns).

mandoloar the Insei (Octopode Transmuter)           Turns: 4614, Time: 00:15:03

Health: -4/42      AC: -11   Str: 13    XL:     6   Next: 27%
Magic:  6/9        EV: 14    Int: 17    God:
Gold:   224        SH:  0    Dex: 12    Spells: 2/9 levels left

rFire   + . .        a - +2 dagger (venom)
rCold   . . .        (no shield)
rNeg    . . .        (helmet currently unavailable)
rPois   .            (no amulet)
rElec   .            c - ring of Gaalyuma {Fly rF+ Will+ Str+3}
rCorr   .            (no ring)
SInv    .            (no ring)
Will    +....        (no ring)
Stlth   +++          (no ring)
HPRegen 0.27/turn    (no ring)
MPRegen 0.11/turn    (no ring)
                     (no ring)

%: no passive effects
@: appendages (expiring), wereblooded, corroded, flying
A: tentacle spike 3, almost no armour, amphibious, 8 rings, camouflage 1,
gelatinous body 1, (nimble swimmer 1), tentacles
a: End Transformation


You were on level 4 of the Dungeon.
One of your tentacles had grown a beastly spike.
You visited 1 branch of the dungeon, and saw 4 of its levels.

You collected 224 gold pieces.

Inventory:

Hand Weapons
 a - a +2 dagger of venom (weapon)
 b - a +0 sling
Missiles
 j - 49 stones
 k - 6 poisoned darts
 s - 5 atropa-tipped darts
Jewellery
 c - the ring of Gaalyuma (left tentacle) {Fly rF+ Will+ Str+3}
   (You found it on level 2 of the Dungeon)

   [ring of flight]

   Str:       It affects your strength (+3).
   rF:        It protects you from fire.
   Fly:       It grants you flight.
   Will:      It increases your willpower.
 o - a ring of fire
Wands
 e - a wand of roots (4)
 n - a wand of mindburst (16)
 u - a wand of flame (21)
Scrolls
 f - a scroll of enchant armour
 h - a scroll of teleportation
 i - a scroll of identify
 m - 3 scrolls of vulnerability
 q - a scroll of silence
 r - a scroll of magic mapping {unknown}
Potions
 d - 2 potions of lignification
 g - a potion of haste
 l - 2 potions of curing
 p - a potion of heal wounds
 t - 2 potions of brilliance {unknown}


   Skills:
 + Level 3.1 Fighting
 + Level 3.6 Dodging
 - Level 4.0 Stealth
 + Level 4.2 Unarmed Combat
 - Level 2.0 Spellcasting
 - Level 2.0 Transmutations


You had 2 spell levels left.
You knew the following spells:

 Your Spells              Type           Power      Damage    Failure   Level
a - Beastly Appendage     Tmut           16%        N/A       9%          1
b - Wereblood             Tmut           8%         N/A       13%         2
c - Ice Form              Ice/Tmut       5%         N/A       77%         4

Your spell library contained the following spells:

 Spells                   Type           Power      Damage    Failure   Level
 Passwall                 Tmut/Erth      4%         N/A       19%         2
 Ensorcelled Hibernation  Hex/Ice        2%         N/A       28%         2
 Spider Form              Tmut/Pois      5%         N/A       36%         3
 Swiftness                Air            1%         N/A       50%         3
 Iskenderun's Battlesphe  Conj           1%         2d6       99%         5
 Iron Shot                Conj/Erth      0%         9d1       100%        6
 Spellforged Servitor     Conj/Summ      0%         N/A       100%        7


Dungeon Overview and Level Annotations

Branches:
Dungeon (4/15)
 Temple: D:4-7

Altars:
Vehumet

Annotations:
D:2 1 runed translucent door, Crazy Yiuf


Innate Abilities, Weirdness & Mutations

One of your tentacles has grown a beastly spike.
You cannot wear most types of armour.
You are amphibious.
You can wear up to eight rings at the same time.
Your skin changes colour to match your surroundings (Stealth+).
Your rubbery body absorbs attacks. (AC +1, EV +1)
((You are camouflaged when in or above water. (Stealth+)))
You have tentacles for arms and can constrict up to eight enemies at once.


Message History

You pierce the kobold.
You kill the kobold!
You start resting.
Your tentacle spike disappears.
Magic restored.
You see here a +0 club.
i - a scroll of identify;
t - 2 fuming emerald potions
Found a stone staircase leading down.
Found an escape hatch in the floor.
Found a stone staircase leading down.
u - a wand of flame (21)
A jelly comes into view.
Your +2 dagger of venom stops dripping with poison.
b - a +0 sling (weapon)
You shoot a sling bullet.
The sling bullet barely misses the jelly.
The jelly quivers.
Casting: Beastly Appendage (safe; 9% risk of failure)
Confirm with . or Enter, or press ? or * to list all spells.
Your blood is infused with primal strength.
Casting: Wereblood (safe; 13% risk of failure)
Confirm with . or Enter, or press ? or * to list all spells.
One of your tentacles grows a vicious spike.
Your +2 dagger of venom begins to drip with poison!
a - a +2 dagger of venom (weapon)
You hit the jelly.
Your tentacles burn!
You pierce the jelly.
The jelly is heavily wounded.
The jelly hits you. The acid corrodes you!
You are splashed with acid!
You hit the jelly.
The jelly is poisoned.
Your tentacles burn!
Your squeeze misses the jelly.
The jelly is severely wounded.
The jelly hits you. The acid corrodes you!
You are splashed with acid.
* * * LOW HITPOINT WARNING * * *
You hit the jelly but do no damage.
Your tentacles burn!
* * * LOW HITPOINT WARNING * * *
The jelly is severely wounded.
Your transformation is almost over.
The jelly hits you.
* * * LOW HITPOINT WARNING * * *
The acid corrodes you!
You are splashed with acid!
You die...

.....#..#...##
....##..##..# .........
............## ......#.#..
..##.........# #.....>.#..
.....#...#...###..........
.#.##....#..).........>..#
.#....#..................#
.#....##.###.............#
##.......##.....@J.......#
....#.....#...#...........
....####.....##..#........
...## ###.##...##......##
..... #....>..###.....##
.....#.........# ........
#....#...###...# .........
#......#. ###.. ....#....
.....###.# #..####.##...


You could see a jelly (very poisoned).

Vanquished Creatures
  A jelly (D:4)
  Jessica (D:2)
  Robin (D:2)
  An adder (D:3)
  2 worms (D:2)
  3 dart slugs
  5 orcs
  2 endoplasms (D:1)
  7 giant cockroaches
  10 goblins
  19 hobgoblins
  2 jackals (D:3)
  12 ball pythons
  6 bats
  3 frilled lizards
  5 kobolds
  5 rats
85 creatures vanquished.

Vanquished Creatures (collateral kills)
  An ogre (D:4)
  An adder (D:4)
  A dart slug (D:4)
3 creatures vanquished.

Vanquished Creatures (others)
  4 fungi (D:1)
  5 plants (D:1)
9 creatures vanquished.

Grand Total: 97 creatures vanquished

Notes
Turn   | Place    | Note
-------+----------+-------------------------------------------
     0 | D:1      | mandoloar the Octopode Transmuter began the quest for the
                  | Orb.
     0 | D:1      | Reached XP level 1. HP: 13/13 MP: 3/3
   135 | D:1      | Reached skill level 1 in Stealth
   135 | D:1      | Reached XP level 2. HP: 18/18 MP: 3/5
   256 | D:1      | Learned a level 2 spell: Wereblood
   713 | D:1      | Reached XP level 3. HP: 19/23 MP: 2/6
   845 | D:1      | Found a faded altar of an unknown god.
  1545 | D:2      | Noticed Robin
  1556 | D:2      | Killed Robin
  1557 | D:2      | Reached XP level 4. HP: 29/29 MP: 4/7
  1720 | D:2      | Noticed Jessica
  1837 | D:2      | Killed Jessica
  1940 | D:2      | Identified the ring of Gaalyuma {Fly rF+ Will+ Str+3}
  2712 | D:2      | Reached XP level 5. HP: 35/35 MP: 4/8
  2912 | D:2      | Found a runed translucent door.
  2913 | D:2      | Noticed Crazy Yiuf
  4038 | D:4      | Found a radiant altar of Vehumet.
  4209 | D:3      | Learned a level 4 spell: Ice Form
  4258 | D:4      | Noticed an ogre
  4267 | D:4      | Killed an ogre
  4268 | D:4      | Reached XP level 6. HP: 42/42 MP: 9/9
  4614 | D:4      | Splashed by a jelly's acid

Illustrated notes

Levels and vault maps discovered:
D:1:      dpeg_arrival_refuge, layout_loops_ring,
          shapermc_ecumenical_altar_mp_urbaneastern
D:2:      layout_basic, uniq_jessica, uniq_robin, uniq_crazy_yiuf_cottage
D:3:      layout_basic, wander_ebering_terrifying_dragon_lair
D:4:      layout_cave_pools, mainiacjoe_overflow_large_starburst

Skill      XL: |  1  2  3  4  5  6 |
---------------+-------------------+-----
Stealth        | 1 2 3 4 |  4.0
Fighting       | 2 3 |  3.1
Dodging        | 3 |  3.6
Unarmed Combat | 4 |  4.2
Spellcasting   | |  2.0
Transmutations | |  2.0

Action                     |  1- 3 |  4- 6 || total
---------------------------+-------+-------++-------
  Melee: Unarmed           |    42 |       ||    42
         Constrict         |    25 |    25 ||    50
         Tentacles         |    15 |    12 ||    27
         Kick              |    19 |    16 ||    35
         Short sword       |    34 |     8 ||    42
         Dagger            |       |    69 ||    69
   Fire: Sling             |     9 |    32 ||    41
  Throw: Stone             |       |     1 ||     1
   Cast: Beastly Appendage |    22 |    28 ||    50
         Wereblood         |    10 |    25 ||    35
    Use: Scroll            |     7 |     5 ||    12
   Stab: Sleeping          |     2 |     4 ||     6
 Armour: Skin              |     8 |     3 ||    11
  Dodge: Dodged            |    54 |    41 ||    95

Table legend: (Time is in decaauts)
 A = Elapsed time spent in this place.
 B = Non-inter-level travel time spent in this place.
 C = Inter-level travel time spent in this place.
 D = Time resting spent in this place.
 E = Time spent auto-exploring this place.
 F = Levels seen in this place.
 G = Mean time per level.
                   A        B        C        D        E       F      G
               +--------+--------+--------+--------+--------+-----+--------+
         Total |   4605 |   4256 |    349 |   1130 |   2327 |   4 | 1151.2 |
       Dungeon |   4605 |   4256 |    349 |   1130 |   2327 |   4 | 1151.2 |
               +--------+--------+--------+--------+--------+-----+--------+

Top non-repeatable levels by time:
     D:2: 1668 daAuts
     D:1: 1374 daAuts
     D:3: 1131 daAuts
     D:4: 431 daAuts
